 Dungeon Crawl Stone Soup version 0.27.1-34-g3ba077fa99 (webtiles) character file.

Game seed: 7199016745143819741

535 cbfl8 the Sneak (level 7, -4/61 HPs)
             Began as a Minotaur Delver on Jan 14, 2022.
             Slain by a gnoll sergeant (7 damage)
             ... on level 5 of the Dungeon.
             The game lasted 00:17:44 (7535 turns).

cbfl8 the Sneak (Minotaur Delver)                   Turns: 7535, Time: 00:17:44

Health: -4/61      AC: 10    Str: 16    XL:     7   Next: 4%
Magic:  6/6        EV:  8    Int:  9    God:
Gold:   253        SH:  0    Dex: 18    Spells: 6/6 levels left

rFire    . . .     SeeInvis .   p - +1 dagger (speed)
rCold    . . .     Faith    .   (no shield)
rNeg     . . .     Spirit   .   n - +0 chain mail
rPois    .         Reflect  .   (helmet restricted)
rElec    .         Harm     .   (no cloak)
rCorr    .         Rampage  .   B - +0 pair of gloves
Will     .....                  (no boots)
Stlth    ..........             r - amulet of magic regeneration
HPRegen  0.20/turn              w - +6 ring of dexterity
MPRegen  0.35/turn              (no ring)

@: no status effects
A: horns 2, retaliatory headbutt
a: no special abilities


You were on level 5 of the Dungeon.
You visited 1 branch of the dungeon, and saw 5 of its levels.

You collected 253 gold pieces.

Inventory:

Hand Weapons
 a - a +0 hand axe of draining
 i - a +0 long sword
 p - a +1 dagger of speed (weapon)
 E - a +0 scythe
Missiles
 l - a large rock
 o - 98 arrows
 s - 4 atropa-tipped darts
 D - 19 bolts
Armour
 b - a +0 leather armour
 n - a +0 chain mail (worn)
 B - a +0 pair of gloves (worn)
 F - a +0 chain mail
Magical Staves
 j - a staff of earth
Jewellery
 r - an amulet of magic regeneration (around neck)
 w - a +6 ring of dexterity (left hand)
Wands
 g - a wand of digging (3)
 C - a wand of paralysis (7)
Scrolls
 c - 5 scrolls of identify
 d - 2 scrolls of magic mapping
 e - 2 scrolls of fear
 h - a scroll of enchant weapon {unknown}
 k - a scroll of brand weapon
 m - a scroll of fog
 y - a scroll of noise
Potions
 f - 3 potions of haste
 q - 2 potions of attraction {unknown}
 t - a potion of might {unknown}
 x - a potion of magic {unknown}
 z - 3 potions of flight {unknown}
 A - a potion of heal wounds {unknown}


   Skills:
 + Level 5.1 Fighting
 + Level 2.3 Short Blades
 + Level 3.4 Axes
 + Level 3.8 Armour
 + Level 3.0 Dodging
 + Level 5.8 Stealth


You had 6 spell levels left.
You didn't know any spells.
Your spell library contained the following spells:

 Spells                   Type           Power      Damage    Failure   Level
 Slow                     Hex            0%         N/A       100%        2
 Confusing Touch          Hex            0%         N/A       100%        3
 Summon Guardian Golem    Hex/Summ       0%         N/A       100%        3
 Vampiric Draining        Necr           0%         2d6       100%        3
 Fireball                 Conj/Fire      0%         3d3       100%        5
 Starburst                Conj/Fire      0%         6d3       100%        6
 Orb of Destruction       Conj           0%         N/A       100%        7
 Spellforged Servitor     Conj/Summ      0%         N/A       100%        7
 Ignition                 Fire           0%         3d3       100%        8


Dungeon Overview and Level Annotations

Branches:
Dungeon (5/15)
 Temple: D:4-7

Altars:
Elyvilon
Kikubaaqudgha
Vehumet
Zin


Innate Abilities, Weirdness & Mutations

You have a pair of horns on your head.
You reflexively headbutt those who attack you in melee.


Message History

The gnoll hits you from afar with a +0 halberd.
You hit the gnoll sergeant but do no damage.
The gnoll sergeant is lightly wounded.
You feel sick.
The gnoll sergeant hits you with a +0 spear!
* * * LOW HITPOINT WARNING * * *
You hit the gnoll sergeant.
You headbutt the gnoll sergeant, but do no damage.
The gnoll sergeant is moderately wounded.
You feel sick.
The gnoll hits you from afar with a +0 halberd!
* * * LOW HITPOINT WARNING * * *
Your chain mail prevents you from hitting the gnoll sergeant.
You headbutt the gnoll sergeant.
The gnoll sergeant is heavily wounded.
The gnoll sergeant hits you with a +0 spear.
* * * LOW HITPOINT WARNING * * *
The gnoll barely misses you.
You feel better.
The gnoll sergeant hits you with a +0 spear.
* * * LOW HITPOINT WARNING * * *
The gnoll closely misses you.
As you read the scroll labelled YTEAPEI TYPNOYX, it crumbles to dust.
It is a scroll of identify.
y - a scroll of noise The gnoll sergeant hits you with a +0 spear.
* * * LOW HITPOINT WARNING * * *
The gnoll hits you from afar with a +0 halberd.
* * * LOW HITPOINT WARNING * * *
Aiming: Paralyse
Press: ? - help, Shift-Dir - straight line, f - gnoll sergeant
Aim: a gnoll sergeant, wielding a +0 spear and wearing a +0 ring mail (heavily wounded, chance to affect: 46%)
The gnoll sergeant resists with some effort.
The gnoll sergeant hits you but does no damage.
The gnoll hits you from afar with a +0 halberd.
* * * LOW HITPOINT WARNING * * *
As you read the scroll labelled RAEZXI CUDY, it crumbles to dust.
Wisps of shadow whirl around you...
It was a scroll of summoning.
The gnoll sergeant hits you with a +0 spear!
You die...

..# #.# #.# #.# #.# #.#
####+######.######
+oZo....'......... #
#@♣...♣.#...###### ..#.#
#g♣._.♣.##########
......#g♣...♣.#.........
#.'g......'..#.#####
......####'#####.#......
...... ..# #.....# .....
..## #.###.# ..#g# ###
#.# #.# . g. #.# #.#


You could see a gnoll sergeant (ally target), 2 gnolls, 2 friendly orcs and a
friendly adder zombie (summoned).

Vanquished Creatures
  A necrophage (D:5)
  A scorpion (D:5)
  A bullfrog skeleton (D:5)
  2 hounds (D:5)
  2 jellies (D:4)
  3 iguanas
  Jessica (D:3)
  A hound skeleton (D:4)
  A howler monkey skeleton (D:5)
  3 adders (D:3)
  3 worms
  10 orcs
  12 bats
  4 endoplasms
  2 giant cockroaches
  4 goblins
  8 hobgoblins
  3 jackals (D:2)
  4 quokkas
  8 ball pythons
  A frilled lizard (D:2)
  4 kobolds
  5 rats
84 creatures vanquished.

Notes
Turn   | Place    | Note
-------+----------+-------------------------------------------
     0 | D:5      | cbfl8 the Minotaur Delver began the quest for the Orb.
     0 | D:5      | Reached XP level 1. HP: 19/19 MP: 0/0
    50 | D:5      | Found an ancient bone altar of Kikubaaqudgha.
   216 | D:5      | Noticed an ogre
   235 | D:5      | Reached XP level 2. HP: 21/27 MP: 1/1
   441 | D:5      | Noticed a necrophage
   465 | D:5      | Killed a necrophage
   466 | D:5      | Reached skill level 1 in Armour
   466 | D:5      | Reached skill level 5 in Stealth
   466 | D:5      | Reached XP level 3. HP: 5/33 MP: 2/2
   466 | D:5      | Reached XP level 4. HP: 6/40 MP: 3/3
   982 | D:5      | Reached XP level 5. HP: 47/47 MP: 4/4
  1223 | D:5      | Found a radiant altar of Vehumet.
  1899 | D:3      | Noticed Jessica
  1904 | D:3      | Killed Jessica
  2893 | D:2      | Reached XP level 6. HP: 44/53 MP: 5/5
  4755 | D:3      | Found a faded altar of an unknown god.
  5706 | D:4      | Reached skill level 1 in Short Blades
  5777 | D:4      | Found a glowing silver altar of Zin.
  6412 | D:4      | Reached skill level 5 in Fighting
  7488 | D:5      | Found a white marble altar of Elyvilon.
  7525 | D:5      | Reached XP level 7. HP: 40/61 MP: 6/6
  7534 | D:5      | HP: 2/61 [gnoll (3)]
  7535 | D:5      | Slain by a gnoll sergeant

Illustrated notes

Levels and vault maps discovered:
D:1:      kilobyte_arrival_exit_the_forest, layout_loops_ring
D:2:      minmay_chambers_of_twos, layout_basic, guppyfry_early_orc_mine
D:3:      layout_basic, hellmonk_ecumenical_altar_arch_garden, uniq_jessica
D:4:      layout_basic, lemuel_coloured_pillars_altar
D:5:      layout_basic, mainiacjoe_overflow_six_doors_small,
          mainiacjoe_overflow_surrounded_room, mainiacjoe_overflow_paths,
          temple_statues

Skill      XL: |  1  2  3  4  5  6 |
---------------+-------------------+-----
Fighting       | 4 5 |  5.1
Armour         | 1 2 3 |  3.8
Stealth        | 5 |  5.8
Axes           | 3 |  3.4
Short Blades   | 2 |  2.3
Dodging        | 3 |  3.0

Action                   |  1- 3 |  4- 6 |  7- 9 || total
-------------------------+-------+-------+-------++-------
Melee: Hand axe          |    20 |    65 |       ||    85
       Headbutt          |     6 |    54 |     4 ||    64
       Dagger            |       |   175 |     6 ||   181
Evoke: Wand              |       |       |     1 ||     1
  Use: Scroll            |     1 |     1 |     2 ||     4
       Potion            |     1 |     2 |     1 ||     4
 Stab: Sleeping          |       |     4 |       ||     4
       Distracted        |       |     1 |       ||     1
Armor: Leather armour    |     4 |    36 |       ||    40
       Chain mail        |       |    74 |     4 ||    78
Dodge: Dodged            |     8 |   130 |     3 ||   141
